 Dungeon Sprint DCSS version 0.30-a0-358-g0d69a1922f (webtiles) character file.

Game seed: 1647370611927277792

434 rocky1 the Spear-Bearer (level 6, -12/52 HPs)
             Began as a Demonspawn Warper on Nov 11, 2022.
             Was a Follower of Cheibriados.
             Killed from afar by a steam dragon (19 damage)
             ... with a ball of steam
             ... in the Dungeon (Sprint IX: "|||||||||||||||||||||||||||||").
             The game lasted 00:02:51 (613 turns).

rocky1 the Spear-Bearer (Demonspawn Warper)          Turns: 613, Time: 00:02:52

Health: -12/52     AC: 14    Str: 17    XL:     6   Next: 68%
Magic:  11/11      EV: 14    Int: 17    God:    Cheibriados [*.....]
Gold:   0          SH:  0    Dex: 18    Spells: 6/12 levels left

rFire   . . .      SeeInvis .    l - +2 halberd (venom)
rCold   . . .      Faith    .    (shield currently unavailable)
rNeg    . . .      Spirit   .    o - +2 ring mail
rPois   .          Reflect  .    (no helmet)
rElec   .          Harm     .    m - +0 cloak
rCorr   .          Rampage  .    n - +0 pair of gloves
Will    .....      NoTele   +    (no boots)
Stlth   +.........               (no amulet)
HPRegen 0.28/turn                p - +3 ring of dexterity
MPRegen 0.12/turn                q - +2 ring of protection

@: very slow
A: molten scales 1, condensation shield, demonic magic 1
a: Renounce Religion, Bend Time


You were in the Dungeon.
You worshipped Cheibriados.
Cheibriados was aware of your devotion.
You visited 1 branch

Inventory:

Hand Weapons
 a - a +0 spear
 l - a +2 halberd of venom (weapon)
Missiles
 d - 7 boomerangs of dispersal (quivered)
Armour
 b - a +0 leather armour
 m - a +0 cloak (worn)
 n - a +0 pair of gloves (worn)
 o - a +2 ring mail (worn)
Jewellery
 p - a +3 ring of dexterity (left hand)
 q - a +2 ring of protection (right hand)
Wands
 k - a wand of iceblast (10)
Scrolls
 c - 3 scrolls of blinking
 j - 2 scrolls of amnesia
Potions
 e - 5 potions of curing
 g - a potion of haste
 h - 4 potions of magic


   Skills:
 + Level 6.3 Fighting
 * Level 8.1 Polearms
 - Level 0.8 Throwing
 + Level 5.5 Armour
 + Level 5.7 Dodging
 + Level 3.7 Spellcasting
 + Level 4.1 Translocations


You had 6 spell levels left.
You knew the following spells:

 Your Spells              Type           Power      Damage    Failure   Level
a - Blink                 Tloc           34%        N/A       8%          2
b - Manifold Assault      Tloc           17%        N/A       45%         4

Your spell library contained the following spells:

 Spells                   Type           Power      Damage    Failure   Level
 Lesser Beckoning         Tloc           34%        N/A       16%         3
 Teleport Other           Tloc           17%        N/A       16%         3
 Vhi's Electric Charge    Tloc/Air       20%        N/A       34%         3


Dungeon Overview and Level Annotations

Branches:
Dungeon (1/1)

Altars:
Cheibriados
Dithmenos
Fedhas
Gozag
Hepliaklqana
Kikubaaqudgha
Makhleb
Nemelex Xobeh
Okawaru
Qazlal
Ru
Sif Muna
Trog
Uskayaw
Vehumet
Wu Jian
Xom
Yredelemnul
Jiyva
Lugonu


Innate Abilities, Weirdness & Mutations

You are partially covered in molten scales. (AC +2)
A meltable shield of frost defends you. (SH +0)
Spells you cast may paralyse adjacent enemies.


Message History

The vampire mosquito bites you but does no damage.
The vampire mosquito misses you.
You hit the vampire mosquito.
The vampire mosquito is severely damaged.
The vampire mosquito bites you but does no damage.
The vampire mosquito bites you.
The vampire mosquito draws strength from your injuries!
You hit the vampire mosquito.
The vampire mosquito is severely damaged.
The vampire mosquito bites you!
* * * LOW HITPOINT WARNING * * *
The vampire mosquito draws strength from your injuries!
The vampire mosquito bites you but does no damage.
You closely miss the vampire mosquito.
The vampire mosquito is heavily damaged.
The vampire mosquito bites you but does no damage.
You block the vampire mosquito's attack.
The vampire mosquito barely misses you.
You completely miss the vampire mosquito.
The vampire mosquito is heavily damaged.
The vampire mosquito bites you.
* * * LOW HITPOINT WARNING * * *
The vampire mosquito draws strength from your injuries!
The vampire mosquito bites you but does no damage.
You slash the vampire mosquito!
The vampire mosquito is almost destroyed.
The vampire mosquito bites you but does no damage. x2
You hit the vampire mosquito.
The vampire mosquito is almost destroyed.
The vampire mosquito barely misses you.
The vampire mosquito closely misses you.
You hit the vampire mosquito.
You destroy the vampire mosquito!
Cheibriados thoroughly appreciates the change of pace.
You can now bend time to slow others.
Cheibriados raises the support of your attributes as your movement slows. x2
The steam dragon breathes steam at you. The ball of steam hits you!!
Your condensation shield dissipates!
You die...

▓.▓
▓.▓
▓.▓
▓.▓
▓o▓
▓y▓
▓D▓
▓@▓
▓.▓
▓.▓
▓.▓
▓.▓
▓.▓
▓)▓
▓.▓
▓.▓


You could see a steam dragon (catching breath), an orc warrior and a killer bee.

Vanquished Creatures
  A wraith (D)
  A vampire mosquito (D)
  An orc warrior (D)
  A phantom (D)
  A scorpion (D)
  A jelly (D)
  An adder (D)
  An orc (D)
  2 bats (D)
  2 quokkas (D)
  A kobold (D)
13 creatures vanquished.

Notes
Turn   | Place    | Note
-------+----------+-------------------------------------------
     0 | D        | rocky1 the Demonspawn Warper began the quest for the Orb.
     0 | D        | Reached XP level 1. HP: 16/16 MP: 3/3
     8 | D        | Reached skill level 2 in Polearms
     8 | D        | Reached skill level 1 in Armour
   391 | D        | Noticed a phantom
   391 | D        | Noticed a jelly
   391 | D        | Noticed a scorpion
   394 | D        | Gained mutation: You are partially covered in molten
                  | scales. (AC +2) [demonic ancestry]
   394 | D        | Reached XP level 2. HP: 23/23 MP: 5/5
   397 | D        | Killed a scorpion
   398 | D        | Reached skill level 4 in Polearms
   398 | D        | Reached XP level 3. HP: 30/30 MP: 6/6
   400 | D        | Reached skill level 5 in Polearms
   400 | D        | Reached XP level 4. HP: 37/37 MP: 7/7
   411 | D        | Killed a phantom
   412 | D        | Reached skill level 5 in Fighting
   412 | D        | Reached skill level 6 in Polearms
   412 | D        | Gained mutation: Spells you cast may paralyse adjacent
                  | enemies. [demonic ancestry]
   412 | D        | Reached XP level 5. HP: 31/44 MP: 8/8
   464 | D        | Learned a level 2 spell: Blink
   467 | D        | Found a snail-covered altar of Cheibriados.
   467 | D        | Found a shadowy altar of Dithmenos.
   467 | D        | Found a blossoming altar of Fedhas.
   467 | D        | Found an opulent altar of Gozag.
   468 | D        | Found a hazy altar of Hepliaklqana.
   469 | D        | Found a viscous altar of Jiyva.
   470 | D        | Found an ancient bone altar of Kikubaaqudgha.
   471 | D        | Became a worshipper of Cheibriados the Contemplative
   472 | D        | Found a corrupted altar of Lugonu.
   473 | D        | Found a burning altar of Makhleb.
   474 | D        | Found a sparkling altar of Nemelex Xobeh.
   475 | D        | Found an iron altar of Okawaru.
   476 | D        | Found a stormy altar of Qazlal.
   477 | D        | Found a sacrificial altar of Ru.
   478 | D        | Found a shimmering blue altar of Sif Muna.
   479 | D        | Found a bloodstained altar of Trog.
   480 | D        | Found a hide-covered altar of Uskayaw.
   481 | D        | Found a radiant altar of Vehumet.
   482 | D        | Found an ornate altar of the Wu Jian Council.
   483 | D        | Found a shimmering altar of Xom.
   484 | D        | Found a basalt altar of Yredelemnul.
   544 | D        | Learned a level 4 spell: Manifold Assault
   544 | D        | Noticed an orc warrior
   544 | D        | Noticed a steam dragon
   544 | D        | Noticed a vampire mosquito
   544 | D        | Noticed a wraith
   544 | D        | Noticed an orc warrior
   551 | D        | Killed an orc warrior
   552 | D        | Reached skill level 7 in Polearms
   552 | D        | Reached skill level 5 in Dodging
   552 | D        | Gained mutation: A meltable shield of frost defends you.
                  | (SH +0) [demonic ancestry]
   552 | D        | Reached XP level 6. HP: 52/52 MP: 8/10
   580 | D        | Killed a wraith
   581 | D        | Reached skill level 8 in Polearms
   581 | D        | Reached skill level 5 in Armour
   613 | D        | Killed a vampire mosquito
   613 | D        | Reached * piety under Cheibriados
   613 | D        | Killed from afar by a steam dragon

Illustrated notes

Levels and vault maps discovered:
D:        linesprint [early_d, line_temple, items_1, d_10, items_2, lair_1,
          lair_end, items_3, orc_1, orc_end, items_4, d_15, swamp_1, shoals_1,
          snake_1, spider_1, d_20, vaults_1, items_5, swamp_end, shoals_end,
          snake_end, spider_end, vaults_end, d_27, items_6, zot_1, zot_end,
          crypt_end, forest_end, elf_end, slime_end, tomb_end, abyss_end,
          pan_hell_end]

Skill      XL: |  1  2  3  4  5  6 |
---------------+-------------------+-----
Polearms       | 2 4 5 6 7 8 |  8.1
Armour         | 1 3 4 5 |  5.5
Dodging        | 2 3 4 5 |  5.7
Fighting       | 3 4 5 6 |  6.3
Translocations | 3 4 |  4.1
Spellcasting   | 3 |  3.7
Throwing       | |  0.8

Action                   |  1- 3 |  4- 6 || total
-------------------------+-------+-------++-------
Melee: Spear             |    30 |    21 ||    51
       Punch             |     1 |       ||     1
       Halberd           |       |    65 ||    65
  Use: Potion            |     1 |     4 ||     5
 Stab: Invisible         |       |     1 ||     1
Armor: Leather armour    |     6 |     6 ||    12
       Ring mail         |       |    34 ||    34
Dodge: Dodged            |    11 |    54 ||    65
Block: Other             |       |    11 ||    11

Table legend: (Time is in decaauts)
 A = Elapsed time spent in this place.
 B = Non-inter-level travel time spent in this place.
 C = Inter-level travel time spent in this place.
 D = Time resting spent in this place.
 E = Time spent auto-exploring this place.
 F = Levels seen in this place.
 G = Mean time per level.
                   A        B        C        D        E       F      G
               +--------+--------+--------+--------+--------+-----+--------+
         Total |    638 |    638 |      0 |    398 |      0 |   1 |  638.0 |
       Dungeon |    638 |    638 |      0 |    398 |      0 |   1 |  638.0 |
               +--------+--------+--------+--------+--------+-----+--------+

Top non-repeatable levels by time:
       D: 638 daAuts
